MID
BURLINGTON BEES @ KANNAPOLIS INTIMIDATORS
05/28/2044
 
TOP OF THE 1ST
Burlington Bees batting - Pitching for Kannapolis Intimidators : RHP Dan Lay
Pitching: RHP Dan Lay
Batting: RHB Jonathan Ellis 0-0: Swinging Strike
0-1: Swinging Strike
0-2: Ball
1-2: Strikes out swinging
Batting: RHB Ryan Munro 0-0: Called Strike
0-1: Called Strike
0-2: DOUBLE (Flyball, 89D, EV 97.5 MPH)
Batting: RHB Melvin Gomez 0-0: Ball
1-0: Fly out, F3 (Popup, 3SF, EV 63.1 MPH)
Batting: LHB Bill Kirtley 0-0: Foul Ball, location: 2F
0-1: Foul Ball, location: 2F
0-2: Ball
1-2: Ball
2-2: Ball
3-2: Fly out, F8 (Flyball, 8LS, EV 85.0 MPH)
Top of the 1st over - 0 runs, 1 hit, 0 errors, 1 left on base; Burlington 0 - Kannapolis 0
BOTTOM OF THE 1ST
Kannapolis Intimidators batting - Pitching for Burlington Bees : LHP Curt Joseph
Pitching: LHP Curt Joseph
Batting: LHB John Thurman 0-0: Ball
1-0: Ball
2-0: Ball
3-0: Called Strike
3-1: Called Strike
3-2: Fly out, F7 (Flyball, 7S, EV 85.6 MPH)
Batting: RHB Mark Jones 0-0: Fly out, F9 (Line Drive, 9, EV 93.1 MPH)
Batting: RHB Micah Brown 0-0: Ball
1-0: Ball
2-0: Ball
3-0: Called Strike
3-1: Called Strike
3-2: Base on Balls
Batting: LHB Dustin Taylor 0-0: Ball
1-0: Ground out U3 (Groundball, 3, EV 100.6 MPH)
Bottom of the 1st over - 0 runs, 0 hits, 0 errors, 1 left on base; Burlington 0 - Kannapolis 0
TOP OF THE 2ND
Burlington Bees batting - Pitching for Kannapolis Intimidators : RHP Dan Lay
Batting: LHB Rusty Ney 0-0: Called Strike
0-1: DOUBLE (Line Drive, 78XD, EV 100.6 MPH)
Batting: LHB Jorge Zermeno 0-0: Ball
1-0: Foul Ball, location: 2F
1-1: Ball
2-1: Foul Ball, location: 2F
2-2: Foul Ball, location: 2F
2-2: 2-RUN HOME RUN (Flyball, 9D, EV 90.6 MPH), Distance : 350 ft
Batting: RHB Ben Herman 0-0: Called Strike
0-1: Ball
1-1: Ball
2-1: Ground out 2-3 (Groundball, 2L, EV 70.0 MPH)
Batting: SHB Tim Connell 0-0: Foul Ball, location: 2F
0-1: Ball
1-1: Swinging Strike
1-2: Ball
2-2: Foul Ball, location: 2F
2-2: Strikes out swinging
Batting: RHB Rob Bly 0-0: Ball
1-0: Called Strike
1-1: Ball
2-1: Ball
3-1: Foul Ball, location: 2F
3-2: Strikes out looking
Top of the 2nd over - 2 runs, 2 hits, 0 errors, 0 left on base; Burlington 2 - Kannapolis 0
BOTTOM OF THE 2ND
Kannapolis Intimidators batting - Pitching for Burlington Bees : LHP Curt Joseph
Batting: RHB Jose Medina 0-0: Ball
1-0: Ball
2-0: Ball
3-0: Foul Ball, location: 2F
3-1: Base on Balls
Batting: RHB Tyrell Camp 0-0: Called Strike
Jose Medina is caught stealing 2nd base 2-4
0-1: Ground out 6-3 (Groundball, 6, EV 83.1 MPH)
Batting: LHB Alberto Carrasco 0-0: Ball
1-0: Ball
2-0: Foul Ball, location: 2F
2-1: Foul Ball, location: 2F
2-2: Strikes out looking
Bottom of the 2nd over - 0 runs, 0 hits, 0 errors, 0 left on base; Burlington 2 - Kannapolis 0
TOP OF THE 3RD
Burlington Bees batting - Pitching for Kannapolis Intimidators : RHP Dan Lay
Batting: RHB Jonathan Ellis 0-0: Swinging Strike
0-1: Foul Ball, location: 2F
0-2: Ball
1-2: Ball
2-2: Ball
3-2: Base on Balls
Batting: RHB Ryan Munro 0-0: Ball
1-0: Ball
Jonathan Ellis steals 2nd base
2-0: SINGLE (Flyball, 5D, EV 93.8 MPH)
Jonathan Ellis to third
Batting: RHB Melvin Gomez 0-0: Ball
1-0: Ball
2-0: Foul Ball, location: 2F
2-1: Ball
3-1: Called Strike
3-2: Foul Ball, location: 2F
3-2: Base on Balls
Ryan Munro to second
Batting: LHB Bill Kirtley 0-0: Called Strike
0-1: Ball
1-1: Fly out, F8 (Line Drive, 8RD, EV 93.1 MPH)
Runner from 3rd tags up, SCORES, throw by CF
Batting: LHB Rusty Ney 0-0: Ball
1-0: Fielders Choice at 2nd, 4-6 (Groundball, 4M, EV 83.8 MPH)
Ryan Munro to third
Batting: LHB Jorge Zermeno 0-0: Ball
Rusty Ney steals 2nd base (no throw)
1-0: Ball
2-0: Foul Ball, location: 2F
2-1: Called Strike
2-2: TRIPLE (Line Drive, 5D, EV 101.9 MPH)
Ryan Munro scores
Rusty Ney scores
Pitching: LHP Ienari Kitahara
Batting: RHB Ben Herman 0-0: Ball
1-0: Ball
2-0: Called Strike
2-1: Foul Ball, location: 2F
2-2: Foul Ball, location: 2F
2-2: Ball
3-2: Strikes out looking
Top of the 3rd over - 3 runs, 2 hits, 0 errors, 1 left on base; Burlington 5 - Kannapolis 0
BOTTOM OF THE 3RD
Kannapolis Intimidators batting - Pitching for Burlington Bees : LHP Curt Joseph
Batting: RHB Adam Lambert 0-0: Ball
1-0: Ball
2-0: Called Strike
2-1: Ground out 5-3 (Groundball, 56, EV 103.8 MPH)
Batting: SHB Tadaaki Kondo 0-0: Foul Ball, location: 2F
0-1: Ball
1-1: Called Strike
1-2: Strikes out swinging
Batting: LHB John Thurman 0-0: Ball
1-0: Called Strike
1-1: Called Strike
1-2: SINGLE (Flyball, 3D, EV 93.1 MPH)
Batting: RHB Mark Jones 0-0: Ball
John Thurman steals 2nd base
1-0: Foul Ball, location: 2F
1-1: Called Strike
1-2: Ball
2-2: Foul Ball, location: 2F
2-2: Ball
3-2: Hit by Pitch
Batting: RHB Micah Brown 0-0: Called Strike
0-1: Ball
1-1: Ball
2-1: Ground out U3 (Groundball, 3, EV 88.8 MPH)
Bottom of the 3rd over - 0 runs, 1 hit, 0 errors, 2 left on base; Burlington 5 - Kannapolis 0
TOP OF THE 4TH
Burlington Bees batting - Pitching for Kannapolis Intimidators : LHP Ienari Kitahara
Batting: SHB Tim Connell 0-0: Called Strike
0-1: Swinging Strike
0-2: Foul Ball, location: 2F
0-2: Ball
1-2: Ball
2-2: Strikes out looking
Batting: RHB Rob Bly 0-0: Swinging Strike
0-1: Called Strike
0-2: Ball
1-2: Strikes out looking
Batting: RHB Jonathan Ellis 0-0: Ball
1-0: Called Strike
1-1: Ball
2-1: Ground out 6-3 (Groundball, 6, EV 90.6 MPH)
Top of the 4th over - 0 runs, 0 hits, 0 errors, 0 left on base; Burlington 5 - Kannapolis 0
BOTTOM OF THE 4TH
Kannapolis Intimidators batting - Pitching for Burlington Bees : LHP Curt Joseph
Batting: LHB Dustin Taylor 0-0: SINGLE (Line Drive, 8LS, EV 100.0 MPH)
Batting: RHB Jose Medina 0-0: Ball
1-0: Foul Ball, location: 2F
1-1: Ground out 5-3 (Groundball, 56S, EV 65.0 MPH)
Dustin Taylor to second
Batting: RHB Tyrell Camp 0-0: Called Strike
0-1: Ball
1-1: Ball
2-1: Ground out 5-3 (Groundball, 56, EV 105.0 MPH)
Batting: LHB Alberto Carrasco 0-0: Ball
1-0: Foul Ball, location: 2F
1-1: Fly out, F5 (Popup, 56S, EV 66.9 MPH)
Bottom of the 4th over - 0 runs, 1 hit, 0 errors, 1 left on base; Burlington 5 - Kannapolis 0
TOP OF THE 5TH
Burlington Bees batting - Pitching for Kannapolis Intimidators : LHP Ienari Kitahara
Batting: RHB Ryan Munro 0-0: Called Strike
0-1: Ball
1-1: Ball
2-1: Ball
3-1: Base on Balls
Batting: RHB Melvin Gomez 0-0: Called Strike
0-1: Foul Ball, location: 2F
0-2: Ball
1-2: Fly out, F8 (Line Drive, 8RM, EV 95.6 MPH)
Batting: LHB Bill Kirtley 0-0: Swinging Strike
0-1: Ball
1-1: Ball
2-1: Swinging Strike
2-2: Strikes out swinging
Batting: LHB Rusty Ney 0-0: Called Strike
0-1: Ball
1-1: Ground out U3 (Groundball, 3, EV 109.4 MPH)
Top of the 5th over - 0 runs, 0 hits, 0 errors, 1 left on base; Burlington 5 - Kannapolis 0
BOTTOM OF THE 5TH
Kannapolis Intimidators batting - Pitching for Burlington Bees : LHP Curt Joseph
Batting: RHB Adam Lambert 0-0: Ball
1-0: Foul Ball, location: 2F
1-1: Foul Ball, location: 2F
1-2: Ground out 5-3 (Groundball, 56S, EV 88.1 MPH)
Batting: SHB Tadaaki Kondo 0-0: Called Strike
0-1: Ball
1-1: Foul Ball, location: 2F
1-2: Foul Ball, location: 2F
1-2: Ball
2-2: Foul Ball, location: 2F
2-2: Ball
3-2: Base on Balls
Batting: LHB John Thurman 0-0: Fielders Choice at 2nd, U6 (Groundball, 4MS, EV 88.8 MPH)
Batting: RHB Mark Jones 0-0: Called Strike
John Thurman steals 2nd base
0-1: Ball
1-1: Ball
2-1: Foul Ball, location: 2F
2-2: Ball
3-2: SINGLE (Line Drive, 9LS, EV 93.1 MPH)
John Thurman to third
Runner from 3rd tries for Home, throw by RF and OUT! 9-2
Bottom of the 5th over - 0 runs, 1 hit, 0 errors, 1 left on base; Burlington 5 - Kannapolis 0
TOP OF THE 6TH
Burlington Bees batting - Pitching for Kannapolis Intimidators : LHP Ienari Kitahara
Batting: LHB Jorge Zermeno 0-0: Called Strike
0-1: Ball
1-1: Foul Ball, location: 2F
1-2: Foul Ball, location: 2F
1-2: Strikes out swinging
Batting: RHB Ben Herman 0-0: Ball
1-0: Ball
2-0: Ball
3-0: Called Strike
3-1: Swinging Strike
3-2: SINGLE (Groundball, 6, EV 95.0 MPH)
Batting: SHB Tim Connell 0-0: Ball
1-0: Ball
2-0: Called Strike
2-1: Ball
3-1: Base on Balls
Ben Herman to second
Pitching: RHP Jose Leal
Batting: RHB Rob Bly 0-0: Called Strike
0-1: Swinging Strike
0-2: Strikes out swinging
Batting: RHB Jonathan Ellis 0-0: SINGLE (Line Drive, 56D, EV 104.4 MPH)
Ben Herman to third
Tim Connell to second
Batting: RHB Ryan Munro 0-0: Called Strike
0-1: Ball
1-1: Foul Ball, location: 2F
1-2: Strikes out swinging
Top of the 6th over - 0 runs, 2 hits, 0 errors, 3 left on base; Burlington 5 - Kannapolis 0
BOTTOM OF THE 6TH
Kannapolis Intimidators batting - Pitching for Burlington Bees : LHP Curt Joseph
Pitching: LHP Cody Bodenhamer
Batting: RHB Micah Brown 0-0: Ball
1-0: Called Strike
1-1: Foul Ball, location: 2F
1-2: Strikes out swinging
Batting: LHB Dustin Taylor 0-0: Called Strike
0-1: Foul Ball, location: 2F
0-2: Ball
1-2: Ball
2-2: Ball
3-2: Ground out 6-3 (Groundball, 6, EV 87.5 MPH)
Batting: RHB Jose Medina 0-0: DOUBLE (Line Drive, 7LS, EV 95.6 MPH)
Batting: RHB Tyrell Camp 0-0: Called Strike
Pickoff Throw to Second - Error! E1
Jose Medina to third
0-1: Swinging Strike
0-2: Ball
1-2: Strikes out swinging
Bottom of the 6th over - 0 runs, 1 hit, 1 error, 1 left on base; Burlington 5 - Kannapolis 0
TOP OF THE 7TH
Burlington Bees batting - Pitching for Kannapolis Intimidators : RHP Jose Leal
Batting: RHB Melvin Gomez 0-0: Called Strike
0-1: Ball
1-1: Called Strike
1-2: Strikes out looking
Batting: LHB Bill Kirtley 0-0: Ball
1-0: Ground out U3 (Groundball, 3L, EV 85.6 MPH)
Batting: LHB Rusty Ney 0-0: Foul Ball, location: 2F
0-1: Swinging Strike
0-2: Ball
1-2: Foul Ball, location: 2F
1-2: Foul Ball, location: 2F
1-2: Ball
2-2: Strikes out swinging
Top of the 7th over - 0 runs, 0 hits, 0 errors, 0 left on base; Burlington 5 - Kannapolis 0
BOTTOM OF THE 7TH
Kannapolis Intimidators batting - Pitching for Burlington Bees : LHP Cody Bodenhamer
Batting: LHB Alberto Carrasco 0-0: Called Strike
0-1: Foul Ball, location: 2F
0-2: Strikes out looking
Batting: RHB Adam Lambert 0-0: Ball
1-0: Ground out 6-3 (Groundball, 56D, EV 103.8 MPH)
Batting: SHB Tadaaki Kondo 0-0: Ball
1-0: Ball
2-0: Ball
3-0: Called Strike
3-1: Base on Balls
Batting: LHB John Thurman 0-0: Ball
1-0: Ball
2-0: Called Strike
2-1: Swinging Strike
2-2: Ball
3-2: Strikes out looking
Bottom of the 7th over - 0 runs, 0 hits, 0 errors, 1 left on base; Burlington 5 - Kannapolis 0
TOP OF THE 8TH
Burlington Bees batting - Pitching for Kannapolis Intimidators : RHP Jose Leal
Batting: LHB Jorge Zermeno 0-0: Called Strike
0-1: Ball
1-1: Ball
2-1: Ball
3-1: Fly out, F9 (Flyball, 9LD, EV 105.0 MPH)
Batting: RHB Ben Herman 0-0: Ball
1-0: Ball
2-0: Foul Ball, location: 2F
2-1: Ball
3-1: Base on Balls
Batting: SHB Tim Connell 0-0: Ball
1-0: Foul Ball, location: 2F
1-1: Foul Ball, location: 2F
1-2: Ball
2-2: Strikes out swinging
Pitching: LHP Steve Knezevic
Batting: RHB Rob Bly 0-0: Ball
1-0: Ball
2-0: Ball
3-0: Called Strike
3-1: Fielders Choice at 2nd, 6-4 (Groundball, 6, EV 87.5 MPH)
Top of the 8th over - 0 runs, 0 hits, 0 errors, 1 left on base; Burlington 5 - Kannapolis 0
BOTTOM OF THE 8TH
Kannapolis Intimidators batting - Pitching for Burlington Bees : LHP Cody Bodenhamer
Batting: RHB Mark Jones 0-0: Ball
1-0: Called Strike
1-1: Fly out, F9 (Flyball, 9S, EV 90.0 MPH)
Batting: RHB Micah Brown 0-0: Ball
1-0: Foul Ball, location: 2F
1-1: Foul Ball, location: 2F
1-2: Strikes out looking
Pitching: RHP Mike Walrath
Batting: LHB Dustin Taylor 0-0: Called Strike
0-1: Ball
1-1: Swinging Strike
1-2: Ball
2-2: Ball
3-2: Foul Ball, location: 2F
3-2: Foul Ball, location: 2F
3-2: Foul Ball, location: 2F
3-2: Foul Ball, location: 2F
3-2: Fly out, F3 (Line Drive, 3, EV 68.8 MPH)
Bottom of the 8th over - 0 runs, 0 hits, 0 errors, 0 left on base; Burlington 5 - Kannapolis 0
TOP OF THE 9TH
Burlington Bees batting - Pitching for Kannapolis Intimidators : LHP Steve Knezevic
Batting: RHB Jonathan Ellis 0-0: Called Strike
0-1: Swinging Strike
0-2: Strikes out swinging
Batting: RHB Ryan Munro 0-0: Called Strike
0-1: Called Strike
0-2: Ball
1-2: Ball
2-2: Ball
3-2: Base on Balls
Batting: RHB Melvin Gomez 0-0: Ball
1-0: Ball
2-0: Grounds into double play, 6-4-3 (Groundball, 6, EV 98.1 MPH)
Top of the 9th over - 0 runs, 0 hits, 0 errors, 0 left on base; Burlington 5 - Kannapolis 0
BOTTOM OF THE 9TH
Kannapolis Intimidators batting - Pitching for Burlington Bees : RHP Mike Walrath
Batting: RHB Jose Medina 0-0: Called Strike
0-1: Called Strike
0-2: Fly out, F7 (Flyball, 7LS, EV 92.5 MPH)
Batting: RHB Tyrell Camp 0-0: Foul Ball, location: 2F
0-1: Swinging Strike
0-2: Strikes out swinging
Batting: LHB Alberto Carrasco 0-0: Ball
1-0: Swinging Strike
1-1: Ball
2-1: Called Strike
2-2: Ball
3-2: Ground out U3 (Groundball, 3, EV 84.4 MPH)
Bottom of the 9th over - 0 runs, 0 hits, 0 errors, 0 left on base; Burlington 5 - Kannapolis 0
Thursday, March 31st , 2022 - OOTP Baseball 22.12 Build 89